AoeStats
← Ndrangheta

Fortress

510013075Analyzed
3v3 RM · 4d ago on Sep 29, 2026· 70m 1s· 6 players
Game mode
Random Map
Map size
Large (8 player)
Population
200
Speed
Normal
Resources
Standard
Victory
Conquest
Starting age
Dark Age
Ending age
Imperial Age
RankedLock teamsTeams togetherTeam positionsShared explorationLock speedFull tech treeHidden civsTurbo modeCheats
Victory
Defeat
🇦🇷 Danes · Argentina
1346
+15
🇦🇷 Varangians · Argentina
1308
+16
🇦🇷 Persians · Argentina
1216
+20
🇦🇷 Magyars · Argentina
1316
-17
🇦🇷 Danes · Argentina
1316
-17
🇦🇷 Britons · Argentina
1300
-17
Kung Führer
7:23 Feudal Age
7:50 Feudal Age
12:38 Castle Age
13:07 Loom
15:22 Double-Bit Axe
17:00 Horse Collar
23:08 Heavy Plow
27:10 Wheelbarrow
29:46 Imperial Age
29:37 Hand Cart
30:44 Crop Rotation
30:25 Bow Saw
30:41 Conscription
30:32 Scale Barding Armor
30:38 Forging
30:55 Guilds
32:48 Elite War Elephant
34:40 Bloodlines
34:31 Husbandry
34:58 Chain Barding Armor
37:20 Plate Barding Armor
37:20 Iron Casting
40:18 Blast Furnace
39:08 Fletching
40:14 Ballistics
40:55 Chemistry
40:30 Coinage
41:29 Bodkin Arrow
45:58 Caravan
47:57 Gold Mining
54:36 Masonry
54:23 Murder Holes
58:03 Banking
Caña con ruda
7:26 Feudal Age
11:51 Castle Age
9:40 Double-Bit Axe
10:17 Horse Collar
10:28 Gold Mining
14:27 Bow Saw
15:44 Heavy Plow
17:21 Wheelbarrow
19:20 Gold Shaft Mining
19:27 Hand Cart
19:43 Stone Mining
25:29 Imperial Age
23:06 Scale Mail Armor
23:14 Squires
24:17 Chain Mail Armor
23:50 Arson
24:03 Town Watch
24:04 Loom
25:32 Forging
25:09 Gambesons
25:22 Hamask
26:50 Capped Ram
28:12 Plate Mail Armor
29:18 Iron Casting
28:48 Elite Varangian Guard
30:21 Fletching
31:32 Blast Furnace
31:11 Ballistics
31:51 Chemistry
30:37 Onager
31:37 Bodkin Arrow
32:06 Conscription
32:29 Siege Onager
33:49 Man-at-Arms
34:31 Bracer
34:15 Siege Ram
35:46 Pikeman
36:33 Scale Barding Armor
37:21 Caravan
37:04 Long Swordsman
38:32 Two-Handed Swordsman
38:33 Halberdier
39:26 Northmen's Fury
41:11 Siege Engineers
41:17 Masonry
41:43 Hoardings
42:27 Champion
43:29 Chain Barding Armor
43:10 Padded Archer Armor
45:04 Murder Holes
47:22 Plate Barding Armor
47:38 Husbandry
47:03 Light Cavalry
49:57 Bloodlines
Ndrangheta
8:19 Feudal Age
7:37 Loom
12:05 Castle Age
9:51 Double-Bit Axe
13:04 Bow Saw
14:09 Horse Collar
18:24 Fletching
30:06 Imperial Age
28:19 Scale Mail Armor
28:29 Forging
28:43 Heavy Plow
30:11 Elite Varangian Guard
31:07 Chain Mail Armor
30:58 Squires
31:48 Wheelbarrow
32:43 Arson
35:21 Bodkin Arrow
38:54 Bracer
40:24 Pikeman
42:24 Conscription
42:37 Plate Mail Armor
43:16 Caravan
45:17 Crop Rotation
46:25 Iron Casting
46:10 Padded Archer Armor
47:21 Hand Cart
46:52 Town Watch
47:18 Elite Skirmisher
48:14 Leather Archer Armor
50:40 Ring Archer Armor
49:45 Vendel Legacy
49:50 Gothikon
51:09 Ballistics
50:59 Masonry
55:14 Blast Furnace
54:03 Gambesons
54:48 Halberdier
59:47 Scale Barding Armor
59:10 Capped Ram
61:26 Siege Ram
64:25 Guilds
64:46 Coinage
68:47 Banking
68:34 Gold Mining
68:34 Stone Mining
70:06 Chain Barding Armor
GabrielBatisKuka
8:55 Feudal Age
9:57 Double-Bit Axe
12:44 Castle Age
10:36 Horse Collar
11:30 Gold Mining
12:37 Town Watch
14:23 Loom
19:45 Wheelbarrow
24:07 Imperial Age
24:15 Imperial Age
22:26 Scale Mail Armor
22:36 Forging
22:57 Hand Cart
22:55 Squires
22:41 Arson
23:07 Town Patrol
24:05 Chain Mail Armor
24:52 Heavy Plow
25:35 Plate Mail Armor
26:18 Iron Casting
26:05 Conscription
27:01 Bow Saw
27:28 Gold Shaft Mining
28:32 Blast Furnace
26:54 Hamask
29:17 Elite Varangian Guard
32:36 Gambesons
34:52 Fletching
34:59 Murder Holes
35:10 Siege Engineers
35:57 Onager
36:49 Masonry
38:20 Chemistry
37:17 Bodkin Arrow
37:32 Northmen's Fury
38:10 Pikeman
38:51 Bracer
39:13 Ballistics
39:31 Hoardings
38:49 Siege Onager
39:48 Capped Ram
41:10 Siege Ram
41:24 Halberdier
42:07 Caravan
42:37 Coinage
42:43 Stone Mining
46:30 Heavy Scorpion
49:08 Banking
50:48 Padded Archer Armor
58:58 Man-at-Arms
59:32 Long Swordsman
60:03 Two-Handed Swordsman
60:39 Champion
60:46 Champion
60:55 Elite Jomsviking
Minisaurr
9:15 Feudal Age
13:38 Castle Age
11:27 Double-Bit Axe
11:23 Horse Collar
11:50 Gold Mining
12:36 Fletching
15:10 Bow Saw
17:15 Wheelbarrow
17:04 Loom
17:04 Town Watch
19:08 Hand Cart
19:03 Heavy Plow
22:56 Town Patrol
26:39 Imperial Age
24:53 Bodkin Arrow
24:58 Padded Archer Armor
25:55 Scale Mail Armor
26:05 Forging
26:37 Gold Shaft Mining
25:56 Stone Mining
26:52 Ballistics
26:49 Leather Archer Armor
25:56 Pikeman
26:37 Squires
26:23 Arson
27:50 Conscription
26:55 Elite Longbowman
28:42 Chemistry
30:27 Ring Archer Armor
29:58 Bracer
30:38 Ring Archer Armor
30:28 Chain Mail Armor
30:48 Iron Casting
30:58 Treadmill Crane
31:28 Masonry
31:26 Siege Engineers
31:44 Yeomen
30:55 Halberdier
32:38 Scale Barding Armor
34:23 Two-Man Saw
34:59 Plate Mail Armor
35:29 Blast Furnace
35:53 Architecture
37:51 Coinage
37:31 Guilds
37:23 Caravan
40:19 Banking
47:02 Chain Barding Armor
48:11 Fortified Wall
53:15 Warwolf
53:52 Plate Barding Armor
68:59 Hoardings
JVM
7:36 Feudal Age
11:25 Castle Age
9:29 Double-Bit Axe
9:32 Horse Collar
10:40 Scale Barding Armor
11:05 Bloodlines
13:47 Bow Saw
14:50 Chain Barding Armor
21:19 Wheelbarrow
20:29 Town Watch
20:49 Corvinian Army
22:41 Gold Mining
22:42 Stone Mining
23:13 Loom
23:43 Hand Cart
31:32 Imperial Age
30:04 Gold Shaft Mining
31:40 Husbandry
31:36 Elite Magyar Huszar
32:36 Conscription
32:52 Plate Barding Armor
33:19 Two-Man Saw
33:00 Conscription
32:07 Elite Magyar Huszar
33:04 Cavalier
34:50 Light Cavalry
36:39 Coinage
36:41 Devotion
37:42 Siege Engineers
38:10 Banking
38:14 Heavy Plow
38:50 Caravan
39:10 Paladin
40:06 Masonry
40:30 Crop Rotation
39:58 Pikeman
40:58 Scale Mail Armor
40:46 Halberdier
42:16 Chain Mail Armor
47:38 Fletching
54:31 Town Patrol
55:43 Bodkin Arrow
57:12 Bracer
67:47 Light Cavalry
Connection lost

Rejoining the realm…

Still unreachable

The connection could not be restored.

Session expired

The server has moved on; the page needs a fresh start.